 Dungeon Crawl Stone Soup version 0.15.2 (webtiles) character file.

292 MordorOrchid the Sneak (level 6, -1/48 HPs)
             Began as a Spriggan Berserker on Dec 6, 2020.
             Was a Priest of Trog.
             Slain by a scorpion (6 damage)
             ... on Level 4 of the Dungeon.
             The game lasted 00:08:01 (2782 turns).

MordorOrchid the Sneak (Spriggan Berserker)         Turns: 2782, Time: 00:08:01

HP  -1/48        AC 23     Str 15      XL: 6   Next: 10%
MP  12/12        EV  4     Int  9      God: Trog [***...]
Gold 135         SH  0     Dex 15      Spells:  0 memorised,  5 levels left

rFire  + . .     SeeInvis +     a - +0 short sword
rCold  + . .     Clarity  .     b - melded +0 animal skin
rNeg   + + +     rCorr    +     (shield restricted)
rPois  +         rRot     .     (helmet restricted)
rElec  +         Spirit   .     f - melded +1 cloak
SustAb .         Warding  .     (gloves unavailable)
rMut   .         NoTele   +     (boots unavailable)
Gourm  .                        (no amulet)
MR     +....                    (no ring)
                                t - cursed ring of loudness

@: lethally poisoned, tree-form, resistant, somewhat resistant to hostile
enchantments, stealthy
A: unfitting armour, see invisible, herbivore 3, (speed 0), slow metabolism 2
a: Burn Spellbooks, Berserk, Trog's Hand, Renounce Religion


You were on level 4 of the Dungeon.
You worshipped Trog.
Trog was most pleased with you.
You were not hungry.
You were an animated tree.
You visited 1 branch of the dungeon, and saw 4 of its levels.

You collected 135 gold pieces.

Inventory:

Hand weapons
 a - a +0 short sword (weapon)
 j - a +0 hunting sling
Missiles
 l - 23 poisoned needles
 q - 11 tomahawks (quivered)
Armour
 b - a +0 animal skin (melded)
 f - a +1 cloak (melded)
Comestibles
 k - a bread ration
Scrolls
 c - 2 scrolls of teleportation
 e - a scroll of fog
 h - 2 scrolls of identify {unknown}
 p - 4 scrolls of remove curse {unknown}
 s - a scroll of blinking
 u - a scroll of recharging {unknown}
Jewellery
 t - a cursed ring of loudness (left branch)
Potions
 d - a potion of agility {unknown}
 g - a potion of invisibility {unknown}
 i - a potion of brilliance {unknown}
 m - 2 potions of resistance
 n - a potion of haste {unknown}
 o - a potion of lignification
 r - a potion of curing {unknown}
 v - a potion of might {unknown}


   Skills:
 * Level 2.9 Fighting
 * Level 4.4 Short Blades
 * Level 1.0 Throwing
 + Level 5.9 Dodging
 + Level 6.6 Stealth


You had 5 spell levels left.
You didn't know any spells.

Dungeon Overview and Level Annotations

Branches:
Dungeon (4/15)
 Temple: D:4-7

Altars:
Nemelex Xobeh

Annotations:
D:3 Sigmund


Innate Abilities, Weirdness & Mutations

You are tiny and cannot use many weapons and most armour.
You have supernaturally acute eyesight.
You are a herbivore.
((You cover ground extremely quickly.))
You need consume almost no food.


Message History

* * * LOW HITPOINT WARNING * * *
You feel sick.
* * * LOW HITPOINT WARNING * * *
You feel sick.
* * * LOW HITPOINT WARNING * * *
You feel sick.
Drink which item? (? for menu, Esc to quit)
You feel protected.
It was a potion of resistance.
* * * LOW HITPOINT WARNING * * *
You feel sick.
Drink which item? (? for menu, Esc to quit)
You turn into an animated tree.
Your +1 cloak melds into your body.
Your +0 animal skin melds into your body.
Your roots penetrate the ground.
It was a potion of lignification.
You hit the scorpion.
The scorpion is heavily wounded.
* * * LOW HITPOINT WARNING * * *
You feel sick. The scorpion stings you.
You die...

#. #.. #? #.# #.##.##
#.#...## #......####
#......>... ######
#.....#
......#########...#
.............♣s..$##
#######.########## #.#
#.# ########### #.#
#.........#
#.###########.#######.#
#.............# #.#
#..############ #.#
#### #.#


You could see a scorpion.

Vanquished Creatures
  An ogre (D:3)
  An orc wizard (D:3)
  Natasha (thrice) (D:3)
  An ogre skeleton (D:4)
  2 adders
  An orc skeleton (D:4)
  An inept feature mimic (D:3)
  4 worms
  9 orcs
  3 giant cockroaches
  9 goblins
  11 hobgoblins
  2 jackals (D:2)
  5 kobolds
  7 bats
  5 giant newts
  6 rats
71 creatures vanquished.

Notes
Turn   | Place    | Note
--------------------------------------------------------------
     0 | D:1      | MordorOrchid, the Spriggan Berserker, began the quest for the Orb.
     0 | D:1      | Reached XP level 1. HP: 11/11 MP: 2/2
    22 | D:1      | Reached skill level 1 in Stealth
   384 | D:1      | Reached XP level 2. HP: 11/16 MP: 4/4
   614 | D:1      | Acquired Trog's second power
   954 | D:2      | Reached XP level 3. HP: 18/19 MP: 6/6
  1101 | D:2      | Reached skill level 5 in Stealth
  1756 | D:3      | Noticed Natasha
  1766 | D:3      | Killed Natasha
  1766 | D:3      | Reached skill level 5 in Dodging
  1766 | D:3      | Reached XP level 4. HP: 18/23 MP: 8/8
  1781 | D:3      | Noticed Natasha
  1792 | D:3      | Killed Natasha
  1816 | D:3      | Noticed Natasha
  1835 | D:3      | Killed Natasha
  2063 | D:3      | Found a sparkling altar of Nemelex Xobeh.
  2098 | D:3      | Noticed an ogre
  2104 | D:3      | Killed an ogre
  2104 | D:3      | Reached skill level 6 in Stealth
  2104 | D:3      | Reached XP level 5. HP: 28/28 MP: 10/10
  2427 | D:3      | Noticed Sigmund
  2578 | D:4      | Reached XP level 6. HP: 32/32 MP: 12/12
  2690 | D:4      | Reached skill level 1 in Throwing
  2782 | D:4      | Slain by a scorpion

Action                   |  1- 3 |  4- 6 || total
-------------------------+-------+-------++-------
Melee: Short sword       |   140 |   133 ||   273
Throw: Tomahawk          |       |     1 ||     1
Invok: Berserk           |     5 |     7 ||    12
       Trog's Hand       |       |     1 ||     1
  Use: Scroll            |     7 |       ||     7
       Potion            |     1 |     2 ||     3
 Stab: Sleeping          |     7 |     2 ||     9
       Distracted        |     1 |       ||     1
  Eat: Bread ration      |       |     1 ||     1
